 Dungeon Crawl Stone Soup version 0.23-a0-650-ga4d50d4d25 (webtiles) character file.

193 LLavrengius the Changer (level 5, 0/36 HPs)
             Began as an Octopode Transmuter on Jan 7, 2019.
             Succumbed to Sigmund's poison
             ... on level 3 of the Dungeon.
             The game lasted 00:07:33 (2967 turns).

LLavrengius the Changer (Octopode Transmuter)       Turns: 2967, Time: 00:07:34

Health: 0/36       AC:  2    Str:  7 (9)  XL:     5   Next: 72%
Magic:  6/8        EV: 19    Int: 13 (16) God:
Gold:   161        SH:  0    Dex: 17 (18) Spells: 2/8 levels left

rFire    . . .     SeeInvis .     - Unarmed
rCold    . . .     Gourm    .   (shield currently unavailable)
rNeg     . . .     Faith    .   (helmet currently unavailable)
rPois    x         Spirit   .   (no amulet)
rElec    .         Reflect  .   (no ring)
rCorr    .         Harm     .   (no ring)
MR       .....                  (no ring)
Stlth    ++........             (no ring)
HPRegen  0.12/turn              (no ring)
MPRegen  0.11/turn              (no ring)
                                (no ring)
                                (no ring)

@: lethally poisoned (0 -> -31), spider-form (expiring)
A: tiny, almost no armour, stealthy swim, (amphibious), 8 rings, (constrict 8)
a: End Transformation


You were on level 3 of the Dungeon.
You were not hungry.
You were a venomous arachnid creature.
You visited 1 branch of the dungeon, and saw 3 of its levels.

You collected 161 gold pieces.

Inventory:

Hand Weapons
 j - a +0 hunting sling
 l - a +1 dagger of venom
 o - a +0 spear
Missiles
 a - 34 arrows
 h - 15 sling bullets
 k - 68 stones
 n - 6 javelins (quivered)
Scrolls
 d - 2 scrolls of teleportation {unknown}
 e - a scroll of random uselessness {unknown}
 i - 2 scrolls of amnesia {unknown}
Potions
 b - a potion of degeneration
 f - a potion of flight {unknown}
 g - a potion of berserk rage {unknown}
 m - 2 potions of brilliance {unknown}
 p - a potion of invisibility {unknown}
Comestibles
 c - 3 rations


   Skills:
 + Level 3.2 Fighting
 - Level 2.0 Dodging
 - Level 3.0 Unarmed Combat
 - Level 2.0 Spellcasting
 - Level 4.0 Transmutations
 + Level 2.6 Poison Magic


You had 2 spell levels left.
You knew the following spells:

 Your Spells              Type           Power        Failure   Level  Hunger
a - Beastly Appendage     Tmut           ##....       14%         1    ##.....
b - Sticks to Snakes      Tmut           ##......     21%         2    ###....
c - Spider Form           Tmut/Pois      #.........   38%         3    ####...

Your spell library contained the following spells:

 Spells                   Type           Power        Failure   Level  Hunger
 Ice Form                 Ice/Tmut       #.......     88%         4    #####..
 Blade Hands              Tmut           ##........   92%         5    ######.


Dungeon Overview and Level Annotations

Branches:
Dungeon (3/15)

Altars:

Annotations:
D:3 Sigmund


Innate Abilities, Weirdness & Mutations

You cannot wear most types of armour.
You are very stealthy in the water. (Stealth+)
((You are amphibious.))
You can wear up to eight rings at the same time.
((You can use your tentacles to constrict eight enemies at once.))
((Your skin changes colour to match your surroundings (Stealth+).))
((Your rubbery body absorbs attacks. (AC +1, EV +1)))


Message History

Sigmund is moderately wounded.
You feel sick.
Sigmund drinks a potion.
Sigmund is healed!
Sigmund looks more healthy.
You barely miss Sigmund.
Sigmund is lightly wounded.
You feel very sick. Sigmund completely misses you.
You hit Sigmund.
Sigmund is poisoned.
Sigmund is lightly wounded.
Your transformation is almost over.
* * * LOW HITPOINT WARNING * * *
You feel very sick.
The giant cockroach completely misses you.
Sigmund gestures at you while chanting. The puff of flame hits you!
* * * LOW HITPOINT WARNING * * *
It was a potion of degeneration.
There was something very wrong with that liquid.
You feel weakened.
You feel dopey.
You feel clumsy.
You die...

...........................
...................†.......
...........................
...........................
....................
..................
..................
........†.........
......@s....(.....
......s...........
.................
.................
.................
.................
................
...........(...


You could see Sigmund and a giant cockroach.

Vanquished Creatures
  An orc wizard (D:3)
  2 orc priests (D:3)
  Robin (D:2)
  3 adders (D:2)
  An adder zombie (D:2)
  2 worms (D:2)
  2 dart slugs
  2 leopard geckos
  An orc (D:3)
  6 bats
  A giant cockroach (D:1)
  11 goblins
  7 hobgoblins
  A quokka (D:3)
  3 ball pythons
  5 frilled lizards
  3 kobolds
  3 rats
55 creatures vanquished.

Notes
Turn   | Place    | Note
-------+----------+-------------------------------------------
     0 | D:1      | LLavrengius the Octopode Transmuter began the quest for the
                  | Orb.
     0 | D:1      | Reached XP level 1. HP: 13/13 MP: 3/3
    84 | D:1      | Reached XP level 2. HP: 12/18 MP: 5/5
   981 | D:2      | Reached skill level 3 in Transmutations
   981 | D:2      | Reached XP level 3. HP: 24/24 MP: 6/6
  1471 | D:2      | Reached XP level 4. HP: 13/29 MP: 5/7
  1695 | D:2      | Learned a level 2 spell: Sticks to Snakes
  1699 | D:2      | Learned a level 3 spell: Spider Form
  1791 | D:2      | Noticed Robin
  2101 | D:2      | Killed Robin
  2380 | D:2      | Reached skill level 1 in Poison Magic
  2663 | D:3      | Reached skill level 4 in Transmutations
  2669 | D:3      | Reached XP level 5. HP: 34/35 MP: 4/8
  2949 | D:3      | Noticed Sigmund
  2966 | D:3      | HP: 1/36 [Sigmund/puff of flame (7)]
  2967 | D:3      | Succumbed to Sigmund's poison

Vault maps used:
D:1:      dpeg_arrival_yet_another_circle, chequers_serial_rivers_small_b,
          chequers_serial_rivers_micro_d, minmay_3d_cube
D:2:      uniq_robin
D:3:      uniq_sigmund

Skill      XL: |  1  2  3  4  5 |
---------------+----------------+-----
Transmutations | 3 4 |  4.0
Fighting       | 2 3 |  3.2
Poison Magic   | 1 2 |  2.6
Dodging        | |  2.0
Unarmed Combat | |  3.0
Spellcasting   | |  2.0

Action                   |  1- 3 |  4- 6 || total
-------------------------+-------+-------++-------
Melee: Unarmed           |    69 |    62 ||   131
       Constrict         |    17 |    11 ||    28
       Tentacles         |    10 |     7 ||    17
       Kick              |     1 |       ||     1
 Fire: Hunting sling     |       |    15 ||    15
 Cast: Beastly Appendage |     2 |       ||     2
       Spider Form       |       |     4 ||     4
  Use: Potion            |       |     1 ||     1
 Stab: Sleeping          |     8 |     2 ||    10
       Distracted        |       |     1 ||     1
  Eat: Chunk             |     1 |     6 ||     7
Armor: Skin              |     5 |     5 ||    10
Dodge: Dodged            |    35 |    31 ||    66

Table legend:
 A = Non-vault XP
 B = Vault XP
 C = Vault XP percentage of total XP
 D = Non-vault monster count
 E = Vault monster count
 F = Vault count percentage of total count
                 A         B        C        D         E       F
            +---------+---------+-------+---------+---------+-------
      Total |     247 |      29 |  10.5 |      47 |       8 |  14.5
            +---------+---------+-------+---------+---------+-------
        D:1 |      26 |       4 |  13.3 |      16 |       2 |  11.1
        D:2 |      85 |      25 |  22.7 |      23 |       6 |  20.7
        D:3 |     136 |       0 |   0.0 |       8 |       0 |   0.0
            +---------+---------+-------+---------+---------+-------
